[Event "ICC Open 2015"]
[Site "Internet Chess Club"]
[Date "2015.05.29"]
[Round "10"]
[White "BillietheKid"]
[Black "Tacticguy"]
[Result "0-1"]
[ICCResult "White resigns"]
[WhiteElo "1455"]
[BlackElo "1965"]
[Opening "Caro-Kann: advance variation"]
[ECO "B12"]
[NIC "CK.04"]
[Time "15:52:26"]
[TimeControl "180+0"]

1. e4 c6 2. d4 d5 3. e5 Bf5 4. c3 e6 5. Nf3 Nd7 6. Be2 Ne7 7. O-O c5 8. a3
Nc6 9. b4 b6 10. bxc5 bxc5 11. Be3 Qb6 12. Nbd2 c4 13. Re1 Be7 14. Nf1 O-O
15. Ng3 Bg6 16. Qd2 Rfb8 17. Bg5 Bf8 18. h4 Qb2 19. h5 Bc2 20. h6 g6 21. Bf6
Nxf6 22. exf6 Rb3 23. Rac1 Rxc3 24. Ne5 Nxe5 25. dxe5 Bxa3 26. Nh5 a5 27.
Ng7 a4 28. Nxe6 fxe6 29. f7+ Kxf7 30. Qf4+ Bf5 31. Bg4 Rxc1 32. Rxc1 Qxc1+
33. Qxc1 Bxc1 {White resigns} 0-1

[Event "ICC Open 2015"]
[Site "Internet Chess Club"]
[Date "2015.05.29"]
[Round "10"]
[White "BennieHill"]
[Black "budde"]
[Result "0-1"]
[ICCResult "White forfeits on time"]
[WhiteElo "1207"]
[BlackElo "1942"]
[Opening "Sicilian"]
[ECO "B56"]
[NIC "SI.03"]
[Time "15:51:25"]
[TimeControl "180+0"]

1. e4 c5 2. Nf3 d6 3. Nc3 Nf6 4. d4 cxd4 5. Nxd4 e5 6. Nf3 Be7 7. h3 O-O 8.
Bc4 Be6 9. Nd5 Nxd5 10. exd5 Bf5 11. Bd3 e4 12. Bc4 exf3 13. Qxf3 Bg6 14.
O-O Nd7 15. c3 Ne5 16. Qf4 Bg5 17. Qd4 Bxc1 18. Raxc1 Rc8 19. Be2 a6 20. b3
b5 21. f4 Nd7 22. Rf3 Bh5 23. g4 Bxg4 24. hxg4 Qb6 25. Qxb6 Nxb6 26. Rd3
Rfe8 27. Kf2 Re7 28. Rcd1 Rce8 29. Re1 a5 30. a4 bxa4 31. bxa4 Nxa4 32. c4
Nc5 33. Rc3 Ne4+ 34. Kf3 Nxc3 35. Rb1 Nxe2 36. Rb6 Nd4+ 37. Kg3 a4
{White forfeits on time}
0-1

[Event "ICC Open 2015"]
[Site "Internet Chess Club"]
[Date "2015.05.29"]
[Round "10"]
[White "kl5555"]
[Black "MrsPiggy"]
[Result "1-0"]
[ICCResult "Black checkmated"]
[WhiteElo "1778"]
[BlackElo "1410"]
[Opening "QGD Slav: 4.Nc3"]
[ECO "D15"]
[NIC "SL.03"]
[Time "15:51:56"]
[TimeControl "180+0"]

1. d4 d5 2. Nf3 Nf6 3. c4 c6 4. Nc3 Bg4 5. Ne5 Be6 6. cxd5 Nxd5 7. e4 Nf6 8.
f4 g6 9. Be3 Nbd7 10. Be2 Bg7 11. O-O Nb6 12. g4 Qc7 13. f5 Bd7 14. Bf4 Qd8
15. g5 Ng8 16. fxg6 fxg6 17. Nf7 Qc8 18. Be5 Bxe5 19. dxe5 h6 20. Nxh8 Bh3
21. Nxg6 hxg5 22. Rf8# {Black checkmated} 1-0

[Event "ICC Open 2015"]
[Site "Internet Chess Club"]
[Date "2015.05.29"]
[Round "10"]
[White "ElFenomeno"]
[Black "MeWantCookie"]
[Result "1-0"]
[ICCResult "Black resigns"]
[WhiteElo "1902"]
[BlackElo "1616"]
[Opening "Catalan opening"]
[ECO "E00"]
[NIC "CA.01"]
[Time "15:51:47"]
[TimeControl "180+0"]

1. d4 Nf6 2. c4 e6 3. g3 b6 4. Bg2 Nc6 5. Nf3 Bb7 6. O-O Be7 7. Nc3 O-O 8.
d5 Na5 9. b3 Bb4 10. Bb2 Bxc3 11. Bxc3 exd5 12. Bxa5 bxa5 13. Nh4 c6 14.
cxd5 Nxd5 15. Bxd5 cxd5 16. Nf3 Qf6 17. Nd4 Bc6 18. e3 Rfc8 19. Rc1 Rab8 20.
a4 Rb4 21. Qd3 Qe5 22. Rc5 Qc7 23. Rfc1 Qb6 24. h4 Rxd4 25. exd4 Rb8 26.
R5c3 Re8 27. Qd2 Qb4 28. Re3 Rxe3 29. Qxb4 Rxg3+ 30. fxg3 axb4 31. Rc5 f5
32. Ra5 Kf7 33. Rxa7 Kf6 34. a5 f4 35. gxf4 Kf5 36. a6 Kxf4 37. Rc7 Ke4 38.
Rxc6 {Black resigns} 1-0

[Event "ICC Open 2015"]
[Site "Internet Chess Club"]
[Date "2015.05.29"]
[Round "10"]
[White "Huemul"]
[Black "bennywins"]
[Result "1-0"]
[ICCResult "Black forfeits on time"]
[WhiteElo "1332"]
[BlackElo "1146"]
[Opening "Scandinavian (center counter) defense"]
[ECO "B01"]
[NIC "VO.17"]
[Time "15:51:48"]
[TimeControl "180+0"]

1. e4 d5 2. e5 f6 3. exf6 Nxf6 4. Nc3 e5 5. Be2 d4 6. Nb5 a6 7. Na3 b5 8. b3
Be6 9. Nf3 Nc6 10. O-O Bd6 11. c3 dxc3 12. dxc3 Qd7 13. Qc2 O-O-O 14. Rd1
Qe7 15. Bxb5 axb5 16. Nxb5 e4 17. Nfd4 Nxd4 18. cxd4 Bd7 19. Na7+ Kb8 20. d5
Kxa7 21. Be3+ Kb8 22. Rd4 Bc5 23. Ra4 Bxe3 24. fxe3 Nxd5 25. Rb1 Nb6 26. Ra5
Rc8 27. Qe2 Qb4 28. Qa6 Qxa5 29. Qxa5 Rhd8 30. Rf1 Bc6 31. h3 Rf8 32. Rxf8
Rxf8 33. b4 Rd8 34. b5 Rd1+ 35. Kh2 Bd7 36. a4 Rd6 37. Qc3 Re6 38. Qxg7 Rg6
39. Qf8+ Ka7 40. Qc5 c6 41. bxc6 {Black forfeits on time} 1-0

[Event "ICC Open 2015"]
[Site "Internet Chess Club"]
[Date "2015.05.29"]
[Round "10"]
[White "RST2003"]
[Black "moonriver"]
[Result "1-0"]
[ICCResult "Black resigns"]
[WhiteElo "1852"]
[BlackElo "1501"]
[Opening "King's pawn opening"]
[ECO "B07"]
[NIC "VO.17"]
[Time "15:52:48"]
[TimeControl "180+0"]

1. e4 d6 2. Nc3 Nf6 3. f4 Bg4 4. Be2 Qd7 5. Nf3 e6 6. O-O Nc6 7. d4 Be7 8.
d5 exd5 9. exd5 O-O 10. dxc6 Qxc6 11. Be3 Rfe8 12. Bb5 Bxf3 13. Rxf3 Qxc3
14. bxc3 c6 15. Bd3 Nd5 16. Bf2 Nxc3 17. Bxh7+ Kxh7 18. Rxc3 Bf6 19. Rh3+
Kg8 20. Qh5 g6 21. Qh7+ Kf8 22. Rf1 Ke7 23. Bh4 Rf8 24. Bxf6+ Kxf6 25. f5 g5
26. Qh6+ Ke7 27. Qxg5+ Kd7 28. Rh7 Rae8 29. Qf6 Re7 30. g4 Ke8 31. g5 d5 32.
g6 Kd7 33. g7 Rg8 34. Rh8 Ree8 35. Rxg8 Rxg8 36. Qxf7+ {Black resigns} 1-0

[Event "ICC Open 2015"]
[Site "Internet Chess Club"]
[Date "2015.05.29"]
[Round "10"]
[White "Jospa"]
[Black "TheThirdOne"]
[Result "1-0"]
[ICCResult "Black checkmated"]
[WhiteElo "1204"]
[BlackElo "1254"]
[Opening "Caro-Kann defense"]
[ECO "B11"]
[NIC "CK.01"]
[Time "15:53:11"]
[TimeControl "180+0"]

1. e4 c6 2. Nc3 d5 3. exd5 cxd5 4. d4 Bf5 5. Nf3 e6 6. Bd3 Bg6 7. Bxg6 hxg6
8. Ne5 Nc6 9. Bf4 Bb4 10. Qf3 Nf6 11. Bg5 Rh5 12. Nxc6 bxc6 13. h4 Qa5 14.
O-O Bxc3 15. bxc3 Ne4 16. Qf4 Nxg5 17. hxg5 O-O-O 18. Qxf7 Rdh8 19. Qxe6+
Kc7 20. Qe7+ Kb6 21. Rab1+ Ka6 22. Qb7# {Black checkmated} 1-0

[Event "ICC Open 2015"]
[Site "Internet Chess Club"]
[Date "2015.05.29"]
[Round "10"]
[White "Supermister"]
[Black "nurmi"]
[Result "0-1"]
[ICCResult "White checkmated"]
[WhiteElo "2077"]
[BlackElo "2205"]
[Opening "King's pawn opening"]
[ECO "B07"]
[NIC "VO.17"]
[Time "15:51:45"]
[TimeControl "180+0"]

1. e4 d6 2. Nc3 Nf6 3. g3 g6 4. d3 Bg7 5. Be3 O-O 6. h3 d5 7. Nge2 e5 8.
exd5 Nxd5 9. Bg2 Nxe3 10. fxe3 Qg5 11. Qd2 Bh6 12. Nd5 Na6 13. h4 Qd8 14.
O-O f5 15. Rae1 c6 16. Ndc3 Be6 17. Nc1 Qc7 18. Qe2 Rad8 19. e4 f4 20. gxf4
Bxf4 21. h5 g5 22. Rf3 Bg4 23. Bh3 Bxh5 24. Bf5 Qg7 25. Qg2 Bxf3 26. Qxf3
Nc7 27. N1e2 Rf6 28. Ng3 Rh6 29. Nce2 Rf8 30. Kg2 Ne6 31. Nh5 Qf7 32. Qg4
Ng7 33. Nxg7 Qxg7 34. Ng3 Rh4 35. Qe2 Qh6 36. Kf3 Rh2 37. Qf1 Qh4 38. Qg1
g4+ 39. Bxg4 Bxg3+ 40. Bf5 Qf4# {White checkmated} 0-1

[Event "ICC Open 2015"]
[Site "Internet Chess Club"]
[Date "2015.05.29"]
[Round "10"]
[White "nmd"]
[Black "xime"]
[Result "1-0"]
[ICCResult "Black forfeits on time"]
[WhiteElo "1721"]
[BlackElo "1398"]
[Opening "Scandinavian (center counter) defense"]
[ECO "B01"]
[NIC "VO.17"]
[Time "15:52:13"]
[TimeControl "180+0"]

1. e4 d5 2. exd5 Qxd5 3. d4 Nc6 4. Nf3 Bg4 5. Be2 O-O-O 6. c3 Nf6 7. O-O e6
8. Nbd2 Bd6 9. h3 Bh5 10. Nc4 Bxf3 11. Nxd6+ Qxd6 12. Bxf3 h5 13. Be3 Nd5
14. Bg5 f6 15. Bh4 g5 16. Bg3 Qe7 17. Re1 Qd7 18. Qa4 a6 19. b4 Nf4 20. b5
axb5 21. Qxb5 Nd5 22. a4 Nb8 23. Rec1 c6 24. Qb3 h4 25. Bh2 Rhe8 26. a5
{Black forfeits on time}
1-0

[Event "ICC Open 2015"]
[Site "Internet Chess Club"]
[Date "2015.05.29"]
[Round "10"]
[White "jps7"]
[Black "truufseir"]
[Result "1-0"]
[ICCResult "Black forfeits on time"]
[WhiteElo "1624"]
[BlackElo "1503"]
[Opening "Queen's pawn game"]
[ECO "D02"]
[NIC "QP.08"]
[Time "15:51:42"]
[TimeControl "180+0"]

1. d4 d5 2. Nf3 Bf5 3. e3 e6 4. c4 Nf6 5. Qb3 b6 6. Nc3 Nbd7 7. cxd5 exd5 8.
Bb5 Be4 9. Ne5 Bxg2 10. Rg1 Bh3 11. Nxd5 Nxd5 12. Qxd5 Be6 13. Qc6 Bb4+ 14.
Bd2 Bxd2+ 15. Kxd2 Ke7 16. Rxg7 Nxe5 17. Qe4 Qd5 18. Qxd5 Bxd5 19. dxe5 Rad8
20. Ke1 Bf3 21. Bc4 Bh5 22. f4 Bg6 23. f5 Kf8 24. f6 Re8 25. Rd1 Rxe5 26.
Rd8+ Re8 27. Rd7 c5 28. Bxf7 Rxe3+ 29. Kf2 Bxf7 30. Rgxf7+ Ke8 31. Rfe7+
Rxe7 32. Rxe7+ Kf8 33. Kf3 Rg8 34. Kf4 Rg6 35. Kf5 {Black forfeits on time}
1-0

[Event "ICC Open 2015"]
[Site "Internet Chess Club"]
[Date "2015.05.29"]
[Round "10"]
[White "brauliocuarta"]
[Black "Havank"]
[Result "1-0"]
[ICCResult "Black resigns"]
[WhiteElo "2071"]
[BlackElo "2050"]
[Opening "QGD: classical variation (5.Bf4)"]
[ECO "D37"]
[NIC "QO.03"]
[Time "15:52:26"]
[TimeControl "180+0"]

1. d4 d5 2. c4 e6 3. Nc3 Nf6 4. Nf3 Be7 5. Bf4 O-O 6. e3 c5 7. dxc5 Bxc5 8.
a3 Nc6 9. Qc2 Nh5 10. O-O-O Nxf4 11. exf4 d4 12. g3 Qa5 13. Na4 Bd7 14. Nxc5
Qxc5 15. Bd3 h6 16. b4 Qe7 17. Qb2 a5 18. b5 Rfb8 19. Rhe1 Qc5 20. bxc6 bxc6
21. Qa1 Rb3 22. Nxd4 Rxa3 23. Qb2 Ra4 24. Nc2 Qxf2 25. Qb3 c5 26. Re2 Qxe2
27. Bxe2 Bc6 28. Rd6 Be8 29. Qb7 {Black resigns} 1-0

[Event "ICC Open 2015"]
[Site "Internet Chess Club"]
[Date "2015.05.29"]
[Round "10"]
[White "NietzscheBac"]
[Black "bythebook"]
[Result "0-1"]
[ICCResult "White checkmated"]
[WhiteElo "1633"]
[BlackElo "1724"]
[Opening "King's Indian: Andersson variation"]
[ECO "E92"]
[NIC "KI.18"]
[Time "15:51:20"]
[TimeControl "180+0"]

1. d4 Nf6 2. c4 g6 3. Nc3 Bg7 4. e4 d6 5. Nf3 O-O 6. Be2 e5 7. dxe5 dxe5 8.
Qxd8 Rxd8 9. Bg5 Re8 10. Nd5 Nxd5 11. cxd5 c6 12. Bc4 cxd5 13. Bxd5 Nd7 14.
O-O Nf6 15. Bxf6 Bxf6 16. Bb3 Bg4 17. Nd2 Rad8 18. Bd5 b5 19. Nb3 Re7 20. f3
Bc8 21. Na5 Rc7 22. Rac1 Rxc1 23. Rxc1 Bg5 24. Rc7 Rf8 25. Rxa7 Be3+ 26. Kf1
Bxa7 27. Nc6 Bc5 28. Nxe5 Bd4 29. Nc6 Bxb2 30. Ne7+ Kg7 31. Nc6 Be6 32. Nb4
Bxd5 33. Nxd5 Ra8 34. Nb4 Ra4 35. Nd3 Rxa2 36. Nb4 Ra1+ 37. Ke2 Bc3 38. Nd5
b4 39. Kd3 Rd1+ 40. Kc2 Rd2+ 41. Kb3 Rxg2 42. Nxc3 bxc3 43. Kxc3 Rxh2 44.
Kd4 Rf2 45. Ke3 Ra2 46. Kf4 Kf6 47. Kg4 Ke5 48. Kg5 Rf2 49. Kg4 h5+ 50. Kg3
Rf1 51. Kg2 Ra1 52. Kg3 Ra2 53. Kh4 Kf4 54. e5 Rh2# {White checkmated} 0-1

[Event "ICC Open 2015"]
[Site "Internet Chess Club"]
[Date "2015.05.29"]
[Round "10"]
[White "waynerooney"]
[Black "PuRe"]
[Result "0-1"]
[ICCResult "White checkmated"]
[WhiteElo "1918"]
[BlackElo "1880"]
[Opening "Sicilian: closed"]
[ECO "B23"]
[NIC "SI.44"]
[Time "15:52:05"]
[TimeControl "180+0"]

1. e4 c5 2. Nc3 e6 3. f4 d5 4. Nf3 Nc6 5. d3 Nf6 6. exd5 Nxd5 7. Nxd5 Qxd5
8. g3 Be7 9. Bg2 O-O 10. O-O Qd8 11. Be3 Qc7 12. c3 b6 13. Qc2 Bb7 14. Rad1
Rad8 15. d4 cxd4 16. Nxd4 Nxd4 17. Bxd4 Bxg2 18. Qxg2 Bc5 19. Qe4 Bxd4+ 20.
Rxd4 Rxd4 21. Qxd4 Rd8 22. Qf2 Qd6 23. Re1 g6 24. Qf3 Qc5+ 25. Qf2 Qd5 26.
Qe2 Qxa2 27. Qc2 Qd5 28. Kf2 Qd2+ 29. Re2 Qd5 30. Qa4 Qh1 31. Ke3 Qg1+ 32.
Ke4 Qb1+ 33. Kf3 Rd3+ 34. Kf2 Qh1 35. Qa6 Rf3# {White checkmated} 0-1

[Event "ICC Open 2015"]
[Site "Internet Chess Club"]
[Date "2015.05.29"]
[Round "10"]
[White "Baltimora"]
[Black "nevidimka"]
[Result "1-0"]
[ICCResult "Black resigns"]
[WhiteElo "2336"]
[BlackElo "2016"]
[Opening "Budapest: Fajarowicz variation"]
[ECO "A51"]
[NIC "QG.01"]
[Time "15:52:46"]
[TimeControl "180+0"]

1. d4 Nf6 2. c4 e5 3. dxe5 Ne4 4. Nf3 Bb4+ 5. Nbd2 Nc6 6. a3 Nxd2 7. Nxd2
Bxd2+ 8. Bxd2 Nxe5 9. Bc3 Qe7 10. e3 d6 11. Be2 O-O 12. O-O Re8 13. Qd2 b6
14. e4 Bb7 15. f3 f6 16. Rac1 a5 17. b4 axb4 18. axb4 Qf7 19. Bd4 c5 20.
bxc5 dxc5 21. Bxe5 Rxe5 22. Qb2 Ra6 23. Rfd1 h5 24. Bf1 h4 25. h3 Qg6 26.
Rd6 Qg5 27. Rcd1 Qe3+ 28. Qf2 Qxf2+ 29. Kxf2 Re7 30. Rb1 Kf7 31. Rdxb6 Rxb6
32. Rxb6 Rd7 33. Ke3 Ke7 34. Bd3 Kd8 35. f4 Kc7 36. Re6 Bc6 37. f5 Ba4 38.
Ra6 Bb3 39. Ra7+ Kd6 40. Ra6+ Ke7 41. Re6+ Kf7 42. Rc6 Bd1 43. Rxc5 Bb3 44.
Rc6 Rb7 45. c5 Rb4 46. Rb6 {Black resigns} 1-0

[Event "ICC Open 2015"]
[Site "Internet Chess Club"]
[Date "2015.05.29"]
[Round "10"]
[White "BORIS-51"]
[Black "PajoPatak"]
[Result "1-0"]
[ICCResult "Black resigns"]
[WhiteElo "2076"]
[BlackElo "1514"]
[Opening "Sicilian: wing gambit deferred"]
[ECO "B50"]
[NIC "SI.01"]
[Time "15:51:19"]
[TimeControl "180+0"]

1. e4 c5 2. Nf3 d6 3. b4 cxb4 4. a3 bxa3 5. Nxa3 g6 6. d4 Bg7 7. c3 Nf6 8.
Bd3 O-O 9. O-O Nc6 10. h3 a6 11. Bg5 h6 12. Be3 Bd7 13. Qd2 Kh7 14. c4 Rc8
15. Rfb1 Rb8 16. d5 Ne5 17. Nxe5 dxe5 18. Bb6 Qc8 19. c5 Bxh3 20. gxh3 Qxh3
21. Qe3 Qg4+ 22. Qg3 Qd7 23. Nc4 Nh5 24. Qh2 Nf4 25. Bf1 Qg4+ 26. Qg3 Qd7
27. Ra3 f5 28. f3 Nh5 29. Qh3 Nf4 30. Qh2 fxe4 31. fxe4 Nh5 32. Bh3 Qe8 33.
Rf1 Rf4 34. Nd2 Qf7 35. Raf3 g5 36. Bf5+ Kg8 37. Bc7 Rd8 38. Be6 Qxe6 39.
dxe6 Rxd2 40. Qxd2 Rg4+ 41. Kh2 Nf4 42. Rg3 Rh4+ 43. Kg1 Nh3+ 44. Rxh3 Rxh3
45. Qd8+ Kh7 46. Qxe7 Rf3 47. Rxf3 {Black resigns} 1-0

[Event "ICC Open 2015"]
[Site "Internet Chess Club"]
[Date "2015.05.29"]
[Round "10"]
[White "Woss"]
[Black "Warhabid"]
[Result "1-0"]
[ICCResult "Black resigns"]
[WhiteElo "2170"]
[BlackElo "2245"]
[Opening "Giuoco Piano: Anderssen variation"]
[ECO "C54"]
[NIC "IG.02"]
[Time "15:51:55"]
[TimeControl "180+0"]

1. e4 e5 2. Nf3 Nc6 3. Bc4 Bc5 4. c3 Nf6 5. d4 exd4 6. e5 d5 7. Bb5 Ne4 8.
cxd4 Bb4+ 9. Bd2 Nxd2 10. Nbxd2 O-O 11. Bxc6 bxc6 12. h3 a5 13. O-O Ba6 14.
Re1 c5 15. a3 Bxd2 16. Qxd2 cxd4 17. Qd1 c5 18. Rc1 Qb6 19. Qc2 Rac8 20. Ng5
g6 21. e6 f6 22. e7 fxg5 23. exf8=Q+ Rxf8 24. Qxc5 Qxc5 25. Rxc5 Bc4 26. Rd1
d3 27. Rxa5 Rb8 28. Rd2 Re8 29. b3 Re1+ 30. Kh2 Re2 31. Rd1 Bxb3 32. Rxd3
Bc4 33. Re3 Rxf2 34. Re7 Rf7 35. Ra8+ Kg7 36. Rxf7+ Kxf7 37. a4 Ke7 38. a5
d4 39. Rc8 Bd5 40. Rc5 Kd6 41. Rc1 Ke5 42. Kg3 d3 43. Kf2 Kd4 44. a6 d2 45.
Rd1 Kd3 46. a7 Kc2 47. Ke2 Bc4+ 48. Ke3 Kxd1 49. a8=Q Ke1 50. Qa5 Kf1 51.
Qxd2 {Black resigns} 1-0

[Event "ICC Open 2015"]
[Site "Internet Chess Club"]
[Date "2015.05.29"]
[Round "10"]
[White "maki89"]
[Black "Durarbeyli"]
[Result "0-1"]
[ICCResult "White checkmated"]
[WhiteElo "2357"]
[BlackElo "2868"]
[Opening "Giuoco Pianissimo"]
[ECO "C50"]
[NIC "IG.02"]
[Time "15:51:28"]
[TimeControl "180+0"]

1. e4 e5 2. Nf3 Nc6 3. Bc4 Bc5 4. d3 Nf6 5. c3 a6 6. Bb3 d6 7. h3 h6 8. Nbd2
O-O 9. Nf1 Re8 10. Ng3 Be6 11. Bc2 d5 12. Qe2 Qd7 13. O-O Rad8 14. Nh2 b5
15. Qf3 Nh7 16. Ng4 Bf8 17. a4 dxe4 18. dxe4 b4 19. Nh5 b3 20. Bb1 Kh8 21.
Be3 Qe7 22. a5 Qh4 23. Ng3 Ng5 24. Qe2 g6 25. Bxg5 Qxg5 26. Qxa6 Rd6 27. Qe2
f5 28. exf5 gxf5 29. Nxe5 Bd5 30. a6 Rxe5 31. Qh5 f4 32. Qxg5 Rxg5 33. a7
Nxa7 34. Rxa7 fxg3 35. f4 Rg8 36. Rxc7 Rc6 37. Rxc6 Bxc6 38. Bd3 Bc5+ 39.
Kh1 Rd8 40. Bc4 Rd2 41. Bxb3 Bxg2# {White checkmated} 0-1

[Event "ICC Open 2015"]
[Site "Internet Chess Club"]
[Date "2015.05.29"]
[Round "10"]
[White "Platyborg"]
[Black "Parsifal"]
[Result "1-0"]
[ICCResult "Black resigns"]
[WhiteElo "3055"]
[BlackElo "2404"]
[Opening "Réti opening"]
[ECO "A04"]
[NIC "QP.11"]
[Time "15:53:10"]
[TimeControl "180+0"]

1. Nf3 d6 2. g3 Nf6 3. Bg2 g6 4. O-O Bg7 5. b3 e5 6. Bb2 O-O 7. c4 Qe7 8. d3
h6 9. Nc3 c6 10. Qc2 d5 11. a4 d4 12. Ba3 c5 13. Nd5 Nxd5 14. cxd5 Na6 15.
Nd2 Bg4 16. Nc4 b6 17. d6 Qd7 18. Bxa8 Rxa8 19. f3 Be6 20. f4 exf4 21. Rxf4
Re8 22. Raf1 f5 23. R4f2 Kh7 24. Qd2 Bxc4 25. bxc4 Qxd6 26. Qf4 Qe6 27. Bc1
Nb8 28. Bd2 Nc6 29. Qf3 a5 30. Bf4 Nb4 31. h4 Nc2 32. Rb1 Nb4 33. Rg2 h5 34.
Kh2 Re7 35. Re1 Nc2 36. Rb1 Nb4 37. Rf2 Qd6 38. Bxd6 {Black resigns} 1-0

[Event "ICC Open 2015"]
[Site "Internet Chess Club"]
[Date "2015.05.29"]
[Round "10"]
[White "mvillalba"]
[Black "Cinzento"]
[Result "1-0"]
[ICCResult "Black resigns"]
[WhiteElo "2164"]
[BlackElo "1746"]
[Opening "Sicilian defense"]
[ECO "B30"]
[NIC "SI.31"]
[Time "15:52:47"]
[TimeControl "180+0"]

1. e4 c5 2. Nf3 Nc6 3. Nc3 g6 4. g3 Bg7 5. Bg2 d6 6. O-O e5 7. d3 Nf6 8. Ng5
h6 9. Nh3 Bg4 10. f3 Be6 11. f4 Bg4 12. Qe1 O-O 13. Nf2 Be6 14. Be3 Qd7 15.
Qd2 Nd4 16. Rac1 Ng4 17. Nxg4 Bxg4 18. fxe5 dxe5 19. Bxh6 Bh3 20. Nd5 Bxg2
21. Kxg2 f5 22. Bxg7 Kxg7 23. c3 Ne6 24. Rf2 Rf7 25. Rcf1 Raf8 26. Kg1 fxe4
27. dxe4 Rxf2 28. Rxf2 Rxf2 29. Qxf2 Qd8 30. h4 g5 31. h5 g4 32. Qf5 Qe8 33.
Qxe5+ Kh7 34. Qf5+ Kh8 35. Qf6+ Kh7 36. h6 {Black resigns} 1-0

[Event "ICC Open 2015"]
[Site "Internet Chess Club"]
[Date "2015.05.29"]
[Round "10"]
[White "DarkThrone"]
[Black "Rotchopf"]
[Result "1/2-1/2"]
[ICCResult "Game drawn by mutual agreement"]
[WhiteElo "2385"]
[BlackElo "1872"]
[Opening "Old Indian defense"]
[ECO "A53"]
[NIC "OI.04"]
[Time "15:53:01"]
[TimeControl "180+0"]

1. d4 d6 2. c4 Nf6 3. Nc3 Nc6 4. e4 Bg4 5. f3 Bd7 6. f4 e5 7. d5 Ne7 8. Nf3
Bg4 9. Bd3 exf4 10. Bxf4 Ng6 11. Bg3 Nh5 12. Qd2 Be7 13. O-O-O Bxf3 14. gxf3
Bg5 15. f4 Nhxf4 16. Kb1 Nxd5 17. Qc2 Ne3 18. Qe2 Nxd1 19. Rxd1 O-O 20. c5
Ne5 21. Bxe5 dxe5 22. Nd5 c6 23. Nc3 Qf6 24. Rf1 Qh6 25. Bc4 Rad8 26. Qg4
Rd4 27. Bb3 Qh4 28. Qf5 g6 29. Qf3 Qxh2 30. Rh1 Qf4 31. Qh3 h5 32. Rf1 Qg4
33. Qh1 Kg7 34. Rg1 Qf4 35. Rf1 Qd2 36. Rd1 Qe3 37. Re1 Qf4 38. Rf1 Qg4 39.
Rg1 Qf4 40. Rf1 Qe3 41. Re1 Qf2 42. Rf1 {Game drawn by mutual agreement}
1/2-1/2

[Event "ICC Open 2015"]
[Site "Internet Chess Club"]
[Date "2015.05.29"]
[Round "10"]
[White "BlackHorse97"]
[Black "Red-white"]
[Result "1-0"]
[ICCResult "Black resigns"]
[WhiteElo "2504"]
[BlackElo "3193"]
[Opening "Catalan: open, 5.Nf3"]
[ECO "E04"]
[NIC "CA.03"]
[Time "15:52:56"]
[TimeControl "180+0"]

1. d4 d5 2. c4 e6 3. Nf3 Nf6 4. g3 dxc4 5. Bg2 Nbd7 6. O-O Nb6 7. Nc3 Be7 8.
Ne5 O-O 9. a4 a5 10. e3 Nfd7 11. Nf3 c6 12. Qe2 Bb4 13. Nd2 Nd5 14. Qxc4 Qe7
15. Qb3 b6 16. Nc4 Ba6 17. Rd1 f5 18. e4 fxe4 19. Nxe4 h6 20. Bd2 Bxd2 21.
Rxd2 Qb4 22. Qxb4 axb4 23. Ne5 Nxe5 24. dxe5 c5 25. a5 c4 26. axb6 Bb5 27.
Rxa8 Rxa8 28. h4 Bc6 29. Nc5 c3 30. bxc3 bxc3 31. Rc2 Ra1+ 32. Kh2 Kf7 33.
Ne4 Ba4 34. b7 Rb1 35. Nxc3 {Black resigns} 1-0

[Event "ICC Open 2015"]
[Site "Internet Chess Club"]
[Date "2015.05.29"]
[Round "10"]
[White "BoardLord"]
[Black "Andrei21"]
[Result "0-1"]
[ICCResult "White resigns"]
[WhiteElo "2210"]
[BlackElo "2926"]
[Opening "Robatsch defense"]
[ECO "B06"]
[NIC "KF.05"]
[Time "15:52:08"]
[TimeControl "180+0"]

1. e4 g6 2. d4 Bg7 3. Nc3 c6 4. Be3 d5 5. f3 Nf6 6. Qd2 dxe4 7. fxe4 Ng4 8.
Nf3 Nxe3 9. Qxe3 O-O 10. O-O-O Qa5 11. Kb1 Nd7 12. e5 Nb6 13. Ne4 Be6 14. b3
Nd5 15. Qe1 Qa3 16. c4 Bf5 17. Bd3 Nb4 18. Qe2 a5 19. Nh4 Bg4 20. Nf3 a4 21.
Qb2 axb3 22. axb3 Bf5 23. Rhe1 Rfd8 24. Qxa3 Rxa3 25. Kb2 Rda8 26. Bb1 f6
27. exf6 exf6 28. h3 Bxe4 29. Rxe4 f5 30. Re7 b5 31. cxb5 cxb5 32. Rb7 R3a5
33. Ne5 Nd5 34. Nc6 R5a6 35. Ne5 b4 36. Nc4 Nc3 37. Re1 Bxd4 38. Kc2 Ne4 39.
Rd7 Bc3 40. Rxe4 fxe4 41. Re7 Rf6 42. Rxe4 Rf2+ 43. Kd3 Rxg2 44. Ke3 Rd8 45.
Bd3 Rg3+ {White resigns} 0-1

[Event "ICC Open 2015"]
[Site "Internet Chess Club"]
[Date "2015.05.29"]
[Round "10"]
[White "Prof-chess"]
[Black "HematiteBrown"]
[Result "1-0"]
[ICCResult "Black checkmated"]
[WhiteElo "2800"]
[BlackElo "2107"]
[Opening "Sicilian: closed"]
[ECO "B23"]
[NIC "SI.44"]
[Time "15:52:08"]
[TimeControl "180+0"]

1. e4 c5 2. Nc3 d6 3. f4 g6 4. Nf3 Bg7 5. Bb5+ Bd7 6. a4 Nc6 7. O-O a6 8.
Bxc6 Bxc6 9. d3 Nf6 10. Qe1 O-O 11. Qh4 b5 12. f5 b4 13. Ne2 b3 14. cxb3 Qb6
15. Bh6 Qxb3 16. Nf4 Qxb2 17. fxg6 hxg6 18. Ng5 Rab8 19. Rae1 c4 20. Nxg6
fxg6 21. Bxg7 Kxg7 22. Rxf6 Kxf6 23. e5+ dxe5 24. Rf1+ Kg7 25. Qh7#
{Black checkmated}
1-0

[Event "ICC Open 2015"]
[Site "Internet Chess Club"]
[Date "2015.05.29"]
[Round "10"]
[White "chessrex"]
[Black "zona"]
[Result "0-1"]
[ICCResult "White checkmated"]
[WhiteElo "2071"]
[BlackElo "2523"]
[Opening "Paleface attack"]
[ECO "A45"]
[NIC "QP.07"]
[Time "15:52:15"]
[TimeControl "180+0"]

1. d4 Nf6 2. f3 c5 3. d5 e5 4. e4 d6 5. Nc3 g6 6. Be3 Bg7 7. Qd2 h5 8. Nge2
a6 9. a4 b6 10. Nc1 h4 11. Nd3 Nh5 12. Nf2 f5 13. Bg5 Bf6 14. Bxf6 Qxf6 15.
exf5 gxf5 16. O-O-O Nd7 17. Nh3 Rg8 18. f4 e4 19. Ng5 Nxf4 20. Qxf4 Qxg5 21.
Qxg5 Rxg5 22. Ne2 Ne5 23. Nf4 Ra7 24. Be2 Rag7 25. Rdg1 Ke7 26. Nh5 Rh7 27.
Nf4 Ng4 28. Bxg4 Rxg4 29. g3 Kf6 30. Kd2 Ke5 31. Ke3 hxg3 32. hxg3 Rxh1 33.
Rxh1 Rxg3+ 34. Kf2 Kxf4 35. Rh4+ Rg4 36. Rh8 Bb7 37. c4 Bxd5 38. cxd5 Ke5
39. Rb8 Kxd5 40. Rxb6 Rh4 41. Rxa6 f4 42. Ra8 Rh2+ 43. Kg1 Rxb2 44. a5 f3
45. a6 e3 46. Rf8 f2+ 47. Kg2 Ra2 48. Re8 Kd4 49. Re6 Rxa6 50. Rf6 c4 51.
Rf4+ Kd3 52. Rf5 Ke2 53. Rf4 Ra1 54. Rf6 Rg1+ 55. Kh2 f1=Q 56. Rxf1 Kxf1 57.
Kh3 e2 58. Kh4 e1=Q+ 59. Kh5 Qe5+ 60. Kh4 Qf4+ 61. Kh5 Qg5# {White
checkmated} 0-1

[Event "ICC Open 2015"]
[Site "Internet Chess Club"]
[Date "2015.05.29"]
[Round "10"]
[White "auket40"]
[Black "jaybird"]
[Result "0-1"]
[ICCResult "White forfeits on time"]
[WhiteElo "1635"]
[BlackElo "1516"]
[Opening "Dutch: Ilyin-Genevsky variation with Qc2"]
[ECO "A98"]
[NIC "HD.01"]
[Time "15:52:06"]
[TimeControl "180+0"]

1. d4 f5 2. Nf3 Nf6 3. g3 e6 4. Bg2 Be7 5. O-O O-O 6. c4 d6 7. Nc3 Qe8 8.
Qc2 Qg6 9. Nh4 Qh5 10. Bf3 Qf7 11. h3 h6 12. Ng2 Nbd7 13. g4 fxg4 14. hxg4
a6 15. Bd2 Kh8 16. e4 Nb6 17. b3 e5 18. dxe5 dxe5 19. Nd5 Nbxd5 20. cxd5
Nxg4 21. Bxg4 Bxg4 22. f3 Bh3 23. Qxc7 Rac8 24. Qxe5 Bf6 25. Qh2 Bxa1 26.
Qxh3 Bd4+ 27. Be3 Bxe3+ 28. Nxe3 Rc3 29. Nf5 Qf6 30. Qg3 Rc2 31. d6 Rd2 32.
Qf4 Qg6+ 33. Qg4 Qxg4+ 34. fxg4 Rxa2 35. e5 Re2 36. d7 Rxe5 37. Rd1 Rd8 38.
Kf2 Rxf5+ 39. gxf5 Kg8 40. Kf3 Kf7 41. Kf4 Kf6 42. Rd6+ Kf7 43. Rb6 Rxd7
{White forfeits on time}
0-1